[Event "fics rated crazyhouse match"]
[Site "fics, Oklahoma City, OK USA"]
[Date "2000.02.16"]
[White "Thufir"]
[WhiteElo "2332"]
[Black "stinker"]
[BlackElo "2246"]
[TimeControl "180+0"]
[Result "1-0"]

1. e4 Nf6 2. Nc3 e5 3. Bc4 Bc5 4. Nf3 O-O 5. d3 d6 6. Bg5 
Be6 7. Nd5 Bxd5 8. Bxd5 c6 9. Bb3 N@f4 10. Bxf4 exf4 11. B@g5 Bxf2+ 
12. Kxf2 B@e3+ 13. Kf1 P@h3 14. gxh3 d5 15. e5 Nbd7 16. exf6 Nxf6 17. P@f2 
Bxf2 18. Kxf2 P@e3+ 19. Kf1 P@g4 20. hxg4 Nxg4 21. Bxd8 Rfxd8 22. B@d4 P@e5 
23. Nxe5 Nxe5 24. Bxe5 B@h3+ 25. P@g2 Bxg2+ 26. Kxg2 N@h4+ 27. Kh3 f5 28. Bxf4 
P@g4+ 29. Kxh4 Rd6 30. Bxd6 h6 31. B@e6+ Kh7 32. Bxf5# 
{stinker resigns} 1-0

[Event "fics rated crazyhouse match"]
[Site "fics, Oklahoma City, OK USA"]
[Date "2000.02.16"]
[White "stinker"]
[WhiteElo "2240"]
[Black "Thufir"]
[BlackElo "2338"]
[TimeControl "180+0"]
[Result "1-0"]

1. e4 e6 2. d4 d6 3. Nc3 Nf6 4. Bd3 Nc6 5. Nf3 Be7 6. e5 
Ng4 7. Qe2 Nxd4 8. Nxd4 Nxe5 9. N@h5 Nxd3+ 10. Qxd3 B@f6 11. Ne4 P@f5 
12. Nexf6+ Bxf6 13. B@g5 Rg8 14. Bxf6 gxf6 15. N@g7+ Ke7 16. Nxf6 Rxg7 17. B@g5 
Kf8 18. P@h6 Rxg5 19. Bxg5 N@e5 20. R@g8+ Ke7 21. Nd5+ Kd7 22. Rxd8# 
{Thufir checkmated} 1-0

[Event "fics rated crazyhouse match"]
[Site "fics, Oklahoma City, OK USA"]
[Date "2001.02.16"]
[White "Ishamael"]
[WhiteElo "2261"]
[Black "spurs"]
[BlackElo "2342"]
[TimeControl "60+0"]
[Result "1-0"]

1. e4 e6 2. d4 d5 3. e5 Ne7 4. Nh3 Nf5 5. Bd3 Be7 6. O-O 
O-O 7. Be3 f6 8. Nc3 fxe5 9. dxe5 Nh4 10. Qe2 P@f3 11. gxf3 Nxf3+ 
12. Kh1 d4 13. P@g2 dxc3 14. bxc3 Nh4 15. f3 Nc6 16. P@h6 Nxe5 17. hxg7 
Rf7 18. Rad1 Rxg7 19. Bxh7+ Rxh7 20. Rxd8+ Bxd8 21. P@g3 Nf5 22. Bf4 Nf7 
23. P@g6 Rg7 24. gxf7+ Rxf7 25. P@g6 Rg7 26. N@h4 Bxh4 27. gxh4 R@e7 28. B@h5 
N@d8 29. Be5 P@d3 30. cxd3 N@g3+ 31. Bxg3 Nxg3+ 32. hxg3 Bd7 33. P@f7+ Nxf7 
34. gxf7+ Rexf7 35. Bxf7+ Kxf7 36. N@g5+ Ke8 37. N@f6+ Ke7 38. N@f5+ Kxf6 39. Nxg7 
Kxg7 40. Q@f7+ Kh6 41. Qh7# 
{spurs checkmated} 1-0

[Event "fics rated crazyhouse match"]
[Site "fics, Oklahoma City, OK USA"]
[Date "2001.02.16"]
[White "spurs"]
[WhiteElo "2332"]
[Black "Ishamael"]
[BlackElo "2276"]
[TimeControl "60+0"]
[Result "1-0"]

1. d4 e6 2. Nf3 Nf6 3. Nc3 d5 4. Bg5 Nc6 5. e3 Be7 6. Bb5 
Ne4 7. Bxe7 Qxe7 8. Nxe4 dxe4 9. Ne5 Bd7 10. Nxd7 Qxd7 11. Bxc6 Qxc6 
12. N@e5 B@a5+ 13. B@d2 N@h4 14. B@h3 Bxd2+ 15. Qxd2 N@f3+ 16. gxf3 Nxf3+ 17. Nxf3 
exf3 18. Rg1 P@e2 19. N@e5 N@e4 20. Nxc6 bxc6 21. Bxe6 fxe6 22. P@d7+ Kd8 
23. N@f7+ Kxd7 24. N@e5+ Kc8 25. B@d7+ Kb8 26. Nxc6+ Kb7 27. Na5+ Kb6 28. Q@b7# 
{Ishamael checkmated} 1-0

[Event "fics rated crazyhouse match"]
[Site "fics, Oklahoma City, OK USA"]
[Date "2001.02.16"]
[White "Ishamael"]
[WhiteElo "2266"]
[Black "spurs"]
[BlackElo "2339"]
[TimeControl "60+0"]
[Result "1-0"]

1. e4 e6 2. d4 d5 3. e5 Ne7 4. Nh3 Nf5 5. Be3 Be7 6. Bd3 
Nxe3 7. fxe3 B@e4 8. O-O Bxd3 9. cxd3 B@f5 10. N@f4 Bg5 11. Nxg5 Qxg5 
12. B@g3 Nc6 13. Nc3 N@g4 14. Qe2 Bd7 15. B@h4 Qh6 16. Ncxd5 exd5 17. P@g5 
Qe6 18. Nxe6 Bdxe6 19. Rac1 O-O-O 20. Rxc6 bxc6 21. N@c5 R@b8 22. Q@a6+ N@b7 
23. Nxb7 Rxb7 24. N@c5 N@a5 25. Qxa5 N@b4 26. a3 Rb5 27. Qxa7 Rb8 28. P@b7+ 
Rxb7 29. Qxb7# 
{spurs checkmated} 1-0

[Event "fics rated crazyhouse match"]
[Site "fics, Oklahoma City, OK USA"]
[Date "2001.02.16"]
[White "spurs"]
[WhiteElo "2329"]
[Black "Ishamael"]
[BlackElo "2279"]
[TimeControl "60+0"]
[Result "1-0"]

1. d4 e6 2. Nf3 Nf6 3. Nc3 Nc6 4. Bg5 Be7 5. Bxf6 Bxf6 6. e3 
d6 7. Bb5 Bd7 8. Bxc6 Bxc6 9. N@h5 B@h6 10. N@g4 B@g5 11. Nxg5 Bhxg5 
12. Nhxf6+ Bxf6 13. B@e4 N@f5 14. Bxf5 exf5 15. Nxf6+ Qxf6 16. N@d5 Qd8 17. B@f4 
N@h4 18. Rg1 B@e7 19. Nxe7 Qxe7 20. B@f1 f6 21. d5 Bd7 22. B@b5 O-O 
23. Bxd7 Qxd7 24. B@e6+ Qf7 25. Bxf7+ Rxf7 26. Bc4 N@g6 27. Bg3 N@e5 28. Bxe5 
Nxe5 29. Bf1 B@a6 30. Bxa6 bxa6 31. B@e6 B@e8 32. N@e7+ Kf8 33. Bxf7 Kxe7 
34. Q@e6+ Kd8 35. Qxe8# 
{Ishamael checkmated} 1-0

[Event "fics rated crazyhouse match"]
[Site "fics, Oklahoma City, OK USA"]
[Date "2001.02.16"]
[White "Ishamael"]
[WhiteElo "2270"]
[Black "spurs"]
[BlackElo "2336"]
[TimeControl "60+0"]
[Result "1-0"]

1. e4 e6 2. d4 d6 3. Nf3 Nf6 4. Bd3 d5 5. e5 Ne4 6. O-O 
Nc6 7. Nc3 Nxc3 8. bxc3 Be7 9. N@h5 N@f5 10. Bxf5 exf5 11. Nxg7+ Kf8 
12. Bh6 Kg8 13. Nh5 B@f8 14. P@g7 Bxg7 15. Bxg7 h6 16. Bxh8 Kxh8 17. B@g7+ 
Kh7 18. R@h8+ Qxh8 19. Bxh8 B@f8 20. N@f6+ Kg6 21. Q@h7# 
{spurs checkmated} 1-0

[Event "fics rated crazyhouse match"]
[Site "fics, Oklahoma City, OK USA"]
[Date "2001.02.16"]
[White "spurs"]
[WhiteElo "2327"]
[Black "Ishamael"]
[BlackElo "2282"]
[TimeControl "60+0"]
[Result "1-0"]

1. d4 e6 2. Nf3 Nf6 3. Nc3 Be7 4. Bg5 Nc6 5. Bxf6 Bxf6 6. e3 
d6 7. Ne4 Be7 8. N@h5 B@f8 9. Bb5 d5 10. Bxc6+ bxc6 11. Neg3 Rb8 
12. Ne5 B@g6 13. Nxc6 Qd7 14. Nxb8 Qb5 15. P@d7+ Bxd7 16. Nxd7 Qxd7 17. R@b8+ 
N@c8 18. N@e5 Bb4+ 19. c3 Qd8 20. B@c6+ P@d7 21. Nxd7 Qxd7 22. Bxd7+ Kxd7 
23. Qa4+ B@c6 24. Rxc8 Bxa4 25. Q@e8+ Kd6 26. P@e5# 
{Ishamael checkmated} 1-0

[Event "fics rated crazyhouse match"]
[Site "fics, Oklahoma City, OK USA"]
[Date "2001.02.16"]
[White "Ishamael"]
[WhiteElo "2273"]
[Black "spurs"]
[BlackElo "2334"]
[TimeControl "60+0"]
[Result "1-0"]

1. e4 e6 2. d4 d5 3. e5 f6 4. Nh3 fxe5 5. dxe5 P@f7 6. P@d4 
Ne7 7. Bg5 Nbc6 8. Nc3 Qd7 9. Be2 Nf5 10. O-O Be7 11. Bxe7 Qxe7 
12. B@g5 f6 13. exf6 gxf6 14. Bf4 Ncxd4 15. P@g4 Nxe2+ 16. Qxe2 Nd4 17. Qd2 
e5 18. Rae1 Bxg4 19. Qxd4 Bxh3 20. Bxe5 Bxg2 21. P@d7+ Kd8 22. Bxc7+ Kxd7 
23. Rxe7+ Kxe7 24. P@d6+ Kf7 25. Q@e7+ Kg6 26. Qg4+ B@g5 27. N@f4+ Kh6 28. N@f5# 
{spurs checkmated} 1-0

[Event "fics rated crazyhouse match"]
[Site "fics, Oklahoma City, OK USA"]
[Date "2001.02.16"]
[White "spurs"]
[WhiteElo "2325"]
[Black "Ishamael"]
[BlackElo "2285"]
[TimeControl "60+0"]
[Result "1-0"]

1. d4 e6 2. Nf3 Nf6 3. Nc3 Nc6 4. Bg5 Be7 5. Bxf6 Bxf6 6. e3 
d6 7. Bb5 B@b4 8. Bxc6+ bxc6 9. N@e4 B@d5 10. Nxf6+ Qxf6 11. B@g5 Qg6 
12. N@f4 Qh5 13. O-O Bxf3 14. Nxh5 Bxd1 15. Q@d8# 
{Ishamael checkmated} 1-0

[Event "fics rated crazyhouse match"]
[Site "fics, Oklahoma City, OK USA"]
[Date "2001.02.16"]
[White "Tecumseh"]
[WhiteElo "2289"]
[Black "spurs"]
[BlackElo "2332"]
[TimeControl "60+0"]
[Result "0-1"]

1. d3 e6 2. Nc3 d5 3. e4 Nf6 4. e5 Nfd7 5. d4 Bb4 6. Nf3 
Nc6 7. Be2 Ne7 8. O-O Nf5 9. Bg5 f6 10. exf6 gxf6 11. Bf4 Bxc3 
12. bxc3 Rg8 13. B@g3 N@e4 14. Ne5 fxe5 15. dxe5 Nxc3 16. Bh5+ P@g6 17. Qd4 
Nxd4 18. Bxg6+ Rxg6 19. P@f6 P@f3 20. P@e7 Nce2+ 21. Kh1 fxg2+ 22. Kxg2 B@f3+ 
23. Kh3 Q@g4# 
{Tecumseh checkmated} 0-1

[Event "fics rated crazyhouse match"]
[Site "fics, Oklahoma City, OK USA"]
[Date "2001.02.16"]
[White "spurs"]
[WhiteElo "2339"]
[Black "Tecumseh"]
[BlackElo "2282"]
[TimeControl "60+0"]
[Result "1-0"]

1. d4 Nc6 2. Nf3 Nf6 3. Nc3 d5 4. Bg5 Ne4 5. Bh4 Nxc3 6. bxc3 
N@e4 7. Qd3 Bf5 8. e3 Ng3 9. Bxg3 Bxd3 10. Bxd3 Q@b2 11. O-O Qxc3 
12. N@e5 P@e4 13. Nxf7 exf3 14. Nxh8 Qd7 15. P@f7+ Kd8 16. R@e8+ Qxe8 17. fxe8=Q+ 
Kxe8 18. B@f7+ Kd7 19. N@c5+ Qxc5 20. dxc5 R@h1+ 21. Kxh1 fxg2+ 22. Kxg2 P@h3+ 
23. Kxh3 N@g5+ 24. Kg2 P@f3+ 25. Kh1 Nxf7 26. Q@f5+ B@e6 27. Qxe6+ Ke8 28. Q@d7# 
{Tecumseh checkmated} 1-0

[Event "fics rated crazyhouse match"]
[Site "fics, Oklahoma City, OK USA"]
[Date "2001.02.16"]
[White "Tecumseh"]
[WhiteElo "2275"]
[Black "spurs"]
[BlackElo "2346"]
[TimeControl "60+0"]
[Result "1-0"]

1. e4 e6 2. d4 d5 3. Nc3 Bb4 4. e5 Bxc3+ 5. bxc3 Ne7 6. B@h4 
N@e4 7. Bd2 Qd7 8. Nf3 Nf5 9. Bg3 f6 10. Bd3 O-O 11. O-O Nc6 
12. exf6 Rxf6 13. Be5 Nxe5 14. Nxe5 Qe7 15. Bxe4 dxe4 16. P@f7+ Rxf7 17. Nxf7 
Qxf7 18. N@e5 Qe7 19. N@f7 N@g6 20. Qh5 B@h8 21. Nxg6 Qxf7 22. R@f8+ Qxf8 
23. Nxf8 B@f7 24. Qxh7+ Kxf8 25. N@g6+ Bxg6 26. Q@g8+ Ke7 27. Qxg6 N@f7 28. Q8xf7+ 
Kd6 29. B@c5+ Kc6 30. Qfxe6+ Bxe6 31. Qxe6+ P@d6 32. B@d7# 
{spurs checkmated} 1-0

[Event "fics rated crazyhouse match"]
[Site "fics, Oklahoma City, OK USA"]
[Date "2001.02.16"]
[White "Dufus"]
[WhiteElo "2327"]
[Black "liveZ"]
[BlackElo "2317"]
[TimeControl "180+0"]
[Result "0-1"]

1. e4 e6 2. Nf3 Nc6 3. Bb5 Nf6 4. Ng5 d6 5. Bxc6+ bxc6 6. Nxf7 
Kxf7 7. N@g5+ Ke8 8. P@f7+ Ke7 9. Qf3 B@h5 10. Qc3 Bd7 11. e5 dxe5 
12. Qxe5 Bxf7 13. P@b7 Rb8 14. Qc5+ P@d6 15. Qxa7 N@b5 16. Qa6 P@h6 17. P@a7 
Nxa7 18. Nxf7 Kxf7 19. Qxa7 e5 20. N@a6 Be7 21. Nxb8 Qxb8 22. Qxb8 Rxb8 
23. Q@b3+ d5 24. R@h4 Bg4 25. Rxg4 Nxg4 26. B@h5+ R@g6 27. Bxg6+ hxg6 28. R@f3+ 
P@f4 29. B@d3 N@d4 30. Bxg6+ Kxg6 31. Qd3+ B@e4 32. Rxf4 Bxd3 33. Rxg4+ B@g5 
34. Rxg5+ Bxg5 35. P@h5+ Kf6 36. N@g4+ Ke6 37. B@c8+ Kd6 38. P@c5+ Kxc5 39. b4+ 
Kd6 40. Nc3 Nxc2+ 41. Kd1 P@e2+ 42. Nxe2 Bxe2+ 43. Kxe2 N@d4+ 44. Kf1 Q@e2+ 
45. Kg1 Q@f1# 
{Dufus checkmated} 0-1

[Event "fics rated crazyhouse match"]
[Site "fics, Oklahoma City, OK USA"]
[Date "2001.02.16"]
[White "LINDEGREN"]
[WhiteElo "2406"]
[Black "SuperGrover"]
[BlackElo "2239"]
[TimeControl "60+0"]
[Result "1-0"]

1. e4 Nc6 2. Nc3 Nf6 3. d4 d5 4. exd5 Nxd5 5. Nf3 Nxc3 6. bxc3 
Bg4 7. Bd2 e5 8. Nxe5 Bxd1 9. P@d7+ Qxd7 10. Nxd7 Bxc2 11. N@f6# 
{SuperGrover resigns} 1-0

[Event "fics rated crazyhouse match"]
[Site "fics, Oklahoma City, OK USA"]
[Date "2001.02.16"]
[White "SuperGrover"]
[WhiteElo "2235"]
[Black "LINDEGREN"]
[BlackElo "2410"]
[TimeControl "60+0"]
[Result "0-1"]

1. Nf3 Nf6 2. Nc3 Nc6 3. e4 d5 4. exd5 Nxd5 5. d4 e6 6. Bd3 
Bb4 7. Bd2 Bxc3 8. bxc3 Qe7 9. O-O f5 10. P@e5 P@e4 11. B@h4 Qf7 
12. Ng5 Qg6 13. Bb5 O-O 14. Bxc6 bxc6 15. c4 Ne7 16. N@f4 Qe8 17. Nfxe6 
Bxe6 18. Nxe6 B@g4 19. Qb1 N@h3+ 20. Kh1 Ng6 21. Nxc7 Qf7 22. B@e6 N@f4 
23. Bxf7+ Rxf7 24. Bxf4 Nhxf4 25. P@e6 Nxe6 26. Nxe6 P@f3 27. Rg1 fxg2+ 28. Rxg2 
B@f3 29. N@e3 P@h3 30. N@e1 hxg2+ 31. N3xg2 B@h3 32. Q@g1 Bhxg2+ 33. Nxg2 Bxg2+ 
34. Kxg2 Bf3+ 35. Kf1 N@d2+ 36. Ke1 Nxb1 37. B@d3 Q@d2# 
{SuperGrover forfeits on time} 0-1

[Event "fics rated crazyhouse match"]
[Site "fics, Oklahoma City, OK USA"]
[Date "2001.02.16"]
[White "LINDEGREN"]
[WhiteElo "2414"]
[Black "SuperGrover"]
[BlackElo "2231"]
[TimeControl "60+0"]
[Result "1-0"]

1. e4 Nc6 2. Nc3 Nf6 3. d4 d5 4. exd5 Nxd5 5. Nf3 Nxc3 6. bxc3 
Bg4 7. Bd2 N@e4 8. Bd3 Nxf2 9. Kxf2 e5 10. Rf1 exd4 11. Qe2+ P@e3+ 
12. Bxe3 dxe3+ 13. Qxe3+ Be7 14. N@e5 Bxf3 15. P@d7+ Qxd7 16. Nxd7 N@g4+ 17. Kg1 
Nxe3 18. P@e6 Bd5 19. exf7+ Bxf7 20. N@e5 B@d5 21. P@e4 Bde6 22. Rxf7 Bxd7 
23. Rxe7+ Nxe7 24. Q@f7+ Kd8 25. Qxe7+ Kxe7 26. B@g5+ P@f6 27. Bxe3 Q@e6 28. N@d5+ 
Kd8 29. N@f7+ Kc8 30. B@f5 Qxe5 31. Bxd7+ Kxd7 32. Nxe5+ fxe5 33. B@f5+ P@e6 
34. Bxe6+ Kxe6 35. Q@f5# 
{SuperGrover forfeits on time} 1-0

[Event "fics rated crazyhouse match"]
[Site "fics, Oklahoma City, OK USA"]
[Date "2001.02.16"]
[White "SuperGrover"]
[WhiteElo "2227"]
[Black "LINDEGREN"]
[BlackElo "2418"]
[TimeControl "60+0"]
[Result "0-1"]

1. Nf3 Nf6 2. Nc3 Nc6 3. e3 d5 4. Bb5 e6 5. Ne5 Bd7 6. Nxd7 
Qxd7 7. Bxc6 Qxc6 8. N@e5 Qd6 9. d4 Be7 10. B@g3 Qd8 11. O-O O-O 
12. f4 N@e4 13. Bd2 Nxc3 14. bxc3 Ne4 15. N@h5 B@g6 16. Bde1 Bxh5 17. Qxh5 
N@f6 18. Qe2 Nxg3 19. Bxg3 N@e4 20. B@e1 B@h5 21. N@f3 Bd6 22. Rb1 Nxg3 
23. hxg3 Ne4 24. N@h1 f6 25. Nd3 B@g4 26. Rxb7 Qc8 27. Rb1 Bxf3 28. gxf3 
N@h3+ 29. Kh2 e5 30. P@b7 Qd7 31. bxa8=Q Rxa8 32. dxe5 fxe5 33. P@b7 Re8 
34. R@c8 Nxf4 35. Rxe8+ Bxe8 36. exf4 R@h3+ 37. Kg1 P@h2+ 38. Qxh2 Rxh2 39. B@g2 
Rxg2+ 40. Kxg2 Q@h3# 
{SuperGrover forfeits on time} 0-1

[Event "fics rated crazyhouse match"]
[Site "fics, Oklahoma City, OK USA"]
[Date "2001.02.16"]
[White "LINDEGREN"]
[WhiteElo "2422"]
[Black "SuperGrover"]
[BlackElo "2223"]
[TimeControl "60+0"]
[Result "0-1"]

1. e4 Nc6 2. Nc3 Nf6 3. d4 d6 4. Nf3 Bg4 5. Be2 e5 6. d5 
Bxf3 7. Bxf3 Nd4 8. B@g4 Nxg4 9. Bxg4 B@d7 10. N@f5 Nxf5 11. exf5 N@h4 
12. N@e6 Qc8 13. O-O Nxg2 14. Kxg2 N@h4+ 15. Kh3 h5 16. Bxh5 Nxf5 17. P@h4 
P@g6 18. Bxg6 fxg6 19. P@f7+ Ke7 20. N@g8+ Kxf7 21. Ng5+ Kxg8 22. Kg2 Nxh4+ 
23. Kg3 N@f5+ 24. Kg4 B@h5+ 25. Kh3 P@g4+ 26. Qxg4 Bxg4+ 27. Kxg4 P@h5+ 28. Kh3 
Q@g4# 
{LINDEGREN checkmated} 0-1

[Event "fics rated crazyhouse match"]
[Site "fics, Oklahoma City, OK USA"]
[Date "2001.02.16"]
[White "SuperGrover"]
[WhiteElo "2235"]
[Black "LINDEGREN"]
[BlackElo "2410"]
[TimeControl "60+0"]
[Result "1-0"]

1. Nf3 Nf6 2. Nc3 Nc6 3. e3 d5 4. Bb5 e6 5. Ne5 Bd7 6. Nxd7 
Nxd7 7. Bxc6 bxc6 8. d4 Rb8 9. O-O Bd6 10. B@g3 O-O 11. N@e5 f6 
12. Nxd7 Qxd7 13. f3 N@f5 14. N@h1 N@h5 15. Bxd6 cxd6 16. B@g4 B@g6 17. Bxh5 
Bxh5 18. N@g3 Bg6 19. Nxf5 exf5 20. Ng3 B@h4 21. N@f4 Rbe8 22. Ncxd5 cxd5 
23. Nxd5 B@c4 24. Nf4 Bxf1 25. Qxf1 Bxg3 26. hxg3 N@g5 27. B@b3+ N@f7 28. P@e6 
Nxe6 29. Nxe6 Rxe6 30. Bxe6 Qxe6 31. N@f4 Qe7 32. P@e6 Ng5 33. R@d7 Qe8 
34. B@f7+ Nxf7 35. exf7+ Bxf7 36. Rxf7 Rxf7 37. B@e6 N@d8 38. Bxf7+ Nxf7 39. R@e6 
P@e7 40. N@c7 Qf8 41. Ncd5 P@d7 42. Nxe7+ Kh8 43. Rxd6 Qxe7 44. Rxd7 Qxd7 
45. d5 Qe8 46. Bd2 Ng5 47. Qf2 N@h3+ 48. Nxh3 Nxh3+ 49. gxh3 N@e2+ 50. Qxe2 
B@h2+ 51. Kxh2 N@d4 52. exd4 
{LINDEGREN forfeits on time} 1-0

[Event "fics rated crazyhouse match"]
[Site "fics, Oklahoma City, OK USA"]
[Date "2001.02.16"]
[White "LINDEGREN"]
[WhiteElo "2398"]
[Black "SuperGrover"]
[BlackElo "2247"]
[TimeControl "60+0"]
[Result "1-0"]

1. e4 Nc6 2. Nc3 Nf6 3. d4 d5 4. exd5 Nxd5 5. Nf3 Nxc3 6. bxc3 
Bg4 7. Bd2 e6 8. Be2 P@h3 9. Rg1 hxg2 10. N@e5 Nxe5 11. Nxe5 Bxe2 
12. Qxe2 B@f1 13. P@d7+ Qxd7 14. Nxd7 Bxe2 15. N@f6+ Ke7 16. B@b4+ P@d6 17. Kxe2 
P@f3+ 18. Kxf3 N@h4+ 19. Ke2 Q@f3+ 20. Ke1 gxf6 21. B@e2 N@d3+ 22. cxd3 N@c2+ 
23. Kd1 Nxa1 24. Bxf3 Nxf3 25. Bxd6+ cxd6 26. N@f5+ exf5 27. Q@e2+ R@e6 28. Qxe6+ 
fxe6 29. Nxf8 B@c2+ 30. Ke2 Nxg1+ 31. Ke3 Q@e2+ 32. Kf4 B@g5+ 33. Kg3 N@h5+ 
34. Kxg2 
{SuperGrover forfeits on time} 1-0

[Event "fics rated crazyhouse match"]
[Site "fics, Oklahoma City, OK USA"]
[Date "2001.02.16"]
[White "SuperGrover"]
[WhiteElo "2242"]
[Black "LINDEGREN"]
[BlackElo "2403"]
[TimeControl "60+0"]
[Result "1-0"]

1. Nf3 Nf6 2. Nc3 Nc6 3. e3 d5 4. Bb5 Bd7 5. d4 e6 6. Bxc6 
Bxc6 7. Ne5 Bd6 8. Nxc6 bxc6 9. B@e5 O-O 10. O-O N@g5 11. f4 Nge4 
12. Bd2 Nxc3 13. bxc3 N@e4 14. N@f2 Nxf2 15. Rxf2 N@e4 16. Rf1 B@h4 17. Be1 
Bxe1 18. Qxe1 B@d2 19. Qh4 Bxe3+ 20. Kh1 Bxe5 21. fxe5 Bg5 22. Qe1 Ng4 
23. B@g1 P@f2 24. Bxf2 Ngxf2+ 25. Rxf2 Nxf2+ 26. Qxf2 B@e3 27. Qf1 R@f2 28. Qe1 
B@e4 29. B@h3 Bgf4 30. N@f6+ gxf6 31. exf6 Qxf6 32. N@h5 Qh4 33. N@f6+ Qxf6 
34. Nxf6+ Kg7 35. N@h5+ Kg6 36. Q@g7# 
{LINDEGREN checkmated} 1-0

[Event "fics rated crazyhouse match"]
[Site "fics, Oklahoma City, OK USA"]
[Date "2001.02.16"]
[White "LINDEGREN"]
[WhiteElo "2392"]
[Black "SuperGrover"]
[BlackElo "2253"]
[TimeControl "60+0"]
[Result "1-0"]

1. e4 Nc6 2. Nc3 Nf6 3. d4 d5 4. exd5 Nxd5 5. Nf3 Nxc3 6. bxc3 
Bg4 7. Bd3 e6 8. O-O P@h3 9. gxh3 Bxh3 10. N@f4 Bxf1 11. Qxf1 P@g4 
12. Ne1 N@f3+ 13. Nxf3 gxf3 14. B@g4 R@g5 15. P@h3 Rxg4+ 16. hxg4 Bd6 17. P@e5 
Nxe5 18. dxe5 Bxe5 19. R@g3 Bxf4 20. Bxf4 P@g2 21. Rxg2 fxg2 22. Qxg2 N@h4 
23. N@h5 N@f3+ 24. Kh1 Nxg2 25. Nxg7+ Kd7 26. N@c5+ Kc8 27. P@c6 B@d5 28. B@e4 
Nxf4 29. P@g2 P@h3 30. Bxf3 Bxf3 31. P@d7+ Qxd7 32. cxd7+ Kb8 33. Q@c8# 
{SuperGrover forfeits on time} 1-0

[Event "fics rated crazyhouse match"]
[Site "fics, Oklahoma City, OK USA"]
[Date "2001.02.16"]
[White "SuperGrover"]
[WhiteElo "2248"]
[Black "LINDEGREN"]
[BlackElo "2397"]
[TimeControl "60+0"]
[Result "0-1"]

1. Nf3 Nf6 2. Nc3 Nc6 3. e3 e6 4. Bb5 d6 5. d4 Bd7 6. e4 
Be7 7. e5 Nd5 8. exd6 Bxd6 9. P@e4 Nxc3 10. bxc3 O-O 11. e5 Be7 
12. Bd3 P@f5 13. N@h5 f6 14. Nxg7 Kxg7 15. P@h6+ Kg8 16. exf6 Bxf6 17. Ne5 
Nxe5 18. dxe5 Bxe5 19. P@g7 Re8 20. N@f3 Bf6 21. Bf4 N@f7 22. O-O e5 
23. Bd2 e4 24. Nd4 exd3 25. cxd3 Bxd4 26. cxd4 P@e2 27. Qb3 exf1=Q+ 28. Rxf1 
B@e6 29. d5 P@e2 30. Re1 R@f1+ 31. Rxf1 exf1=Q+ 32. Kxf1 Bxd5 33. P@e2 Bxb3 
34. axb3 R@d1+ 35. R@e1 Q@h1+ 36. B@g1 Rxe1+ 37. Kxe1 Qxg1+ 38. B@f1 R@b1+ 39. R@c1 
N@c2+ 40. Kd1 Rxc1+ 41. Kxc1 N@a2+ 42. Kxc2 N@d4+ 43. Kb2 B@a3+ 44. Kxa2 Qe7 
{SuperGrover forfeits on time} 0-1

[Event "fics rated crazyhouse match"]
[Site "fics, Oklahoma City, OK USA"]
[Date "2001.02.16"]
[White "LINDEGREN"]
[WhiteElo "2402"]
[Black "RFrancisco"]
[BlackElo "2424"]
[TimeControl "60+0"]
[Result "0-1"]

1. e4 Nf6 2. Nc3 d5 3. exd5 Nxd5 4. d4 Nxc3 5. b3 e5 6. Qd3 
Nc6 7. Nf3 exd4 8. Bd2 P@e4 9. Qe2 Nxe2 10. Bxe2 P@c3 11. Bg5 exf3 
12. Bxd8 Q@d2+ 13. Kf1 fxg2+ 14. Kxg2 N@h4+ 15. Kg3 Bd6+ 16. Kxh4 N@g2+ 17. Kh5 
Qh6# 
{LINDEGREN checkmated} 0-1

[Event "fics rated crazyhouse match"]
[Site "fics, Oklahoma City, OK USA"]
[Date "2001.02.16"]
[White "RFrancisco"]
[WhiteElo "2431"]
[Black "LINDEGREN"]
[BlackElo "2395"]
[TimeControl "60+0"]
[Result "1-0"]

1. e4 Nf6 2. Bc4 Nc6 3. Bxf7+ Kxf7 4. Nc3 e6 5. Nf3 d6 6. d4 
B@b4 7. O-O Be7 8. Ng5+ Kf8 9. e5 Bxc3 10. exf6 Bxf6 11. N@f7 Qe7 
12. Nxh8 Bxg5 13. Bxg5 Qxg5 14. Qf3+ P@f5 15. bxc3 N@h4 16. Qh3 B@g4 17. Qxh4 
N@e2+ 18. Kh1 Qxh4 19. N@g6+ hxg6 20. Nxg6+ Kf7 21. Nxh4 Q@h6 22. B@g6+ Qxg6 
23. Nxg6 Kxg6 24. B@e8+ B@f7 25. R@h8 N@g3+ 26. fxg3 Nxg3+ 27. hxg3 Bxe8 28. Rf2 
P@h7 29. N@f4+ Kf6 30. Q@f8+ B@f7 31. N@h5+ Kg5 32. Q@h4+ Kh6 33. P@g5# 
{LINDEGREN checkmated} 1-0

[Event "fics rated crazyhouse match"]
[Site "fics, Oklahoma City, OK USA"]
[Date "2001.02.16"]
[White "LINDEGREN"]
[WhiteElo "2388"]
[Black "RFrancisco"]
[BlackElo "2438"]
[TimeControl "60+0"]
[Result "0-1"]

1. e4 Nf6 2. Nc3 d5 3. exd5 Nxd5 4. d4 Nxc3 5. bxc3 e5 6. Nf3 
Nc6 7. Bb5 exd4 8. Nxd4 Bd7 9. Qe2+ Qe7 10. Qxe7+ Bxe7 11. Bxc6 bxc6 
12. N@f5 B@f6 13. P@g5 Bxf5 14. Nxf5 Bxc3+ 15. B@d2 Q@e5+ 16. Q@e3 Bxa1 17. P@d7+ 
Kf8 18. Nxg7 N@d3+ 19. Kf1 P@e2+ 20. Qxe2 Qxe2+ 21. Kxe2 N@d4+ 22. Kxd3 Q@e2# 
{LINDEGREN checkmated} 0-1

[Event "fics rated crazyhouse match"]
[Site "fics, Oklahoma City, OK USA"]
[Date "2001.02.16"]
[White "RFrancisco"]
[WhiteElo "2445"]
[Black "LINDEGREN"]
[BlackElo "2381"]
[TimeControl "60+0"]
[Result "0-1"]

1. e4 Nf6 2. Bc4 Nc6 3. Nc3 e6 4. d4 d5 5. exd5 Nxd5 6. Bb5 
Bd7 7. Nf3 Bb4 8. Bd2 Qe7 9. O-O Bxc3 10. bxc3 N@e4 11. B@h4 f6 
12. c4 Ndc3 13. Qe1 P@e2 14. Bxc3 exf1=Q+ 15. Kxf1 Nxc3 16. Qxc3 B@b4 17. Qe3 
Nxd4 18. Nxd4 Bxb5 19. Nxb5 R@e5 20. P@e4 B@h6 21. P@f4 Rd8 22. B@h5+ P@g6 
23. N@g4 Rxh5 24. Nxh6 gxh6 25. B@h3 N@d2+ 26. Ke2 B@c5 27. Qd3 Rxd3 28. cxd3 
Nxe4 29. R@c8+ Kf7 30. N@e5+ fxe5 31. Bxe6+ Qxe6 32. Rxc7+ Be7 33. N@f3 N@c3+ 
34. Kf1 Q@h1+ 35. Ng1 P@e2+ 36. Ke1 B@d2# 
{RFrancisco checkmated} 0-1

[Event "fics rated crazyhouse match"]
[Site "fics, Oklahoma City, OK USA"]
[Date "2001.02.16"]
[White "LINDEGREN"]
[WhiteElo "2390"]
[Black "RFrancisco"]
[BlackElo "2436"]
[TimeControl "60+0"]
[Result "1-0"]

1. e4 Nf6 2. Nc3 d5 3. exd5 Nxd5 4. d4 Nxc3 5. bxc3 e5 6. Bd2 
Nc6 7. dxe5 N@b2 8. Qe2 Bf5 9. P@e4 Qxd2+ 10. Qxd2 Rd8 11. P@d6 cxd6 
12. exf5 dxe5 13. N@c7+ Ke7 14. B@a3+ P@b4 15. Nd5+ Rxd5 16. Qxd5 B@d6 17. R@e6+ 
Kd7 18. Rxd6+ Bxd6 19. B@e6+ Kc7 20. Qxd6+ Kxd6 21. Q@d7+ Kc5 22. cxb4+ Nxb4 
23. B@d6+ Kb6 24. Qc7# 
{RFrancisco checkmated} 1-0

[Event "fics rated crazyhouse match"]
[Site "fics, Oklahoma City, OK USA"]
[Date "2001.02.16"]
[White "RFrancisco"]
[WhiteElo "2427"]
[Black "LINDEGREN"]
[BlackElo "2399"]
[TimeControl "60+0"]
[Result "1-0"]

1. e4 Nf6 2. Nc3 Nc6 3. Nge2 d5 4. exd5 Nxd5 5. d4 e6 6. P@e4 
Nxc3 7. bxc3 P@b4 8. cxb4 Bxb4+ 9. P@c3 Bxc3+ 10. Nxc3 Nxd4 11. B@e5 Nxc2+ 
12. Qxc2 P@f6 13. N@h5 Rg8 14. Ba3 P@d6 15. Bd4 N@c6 16. Rd1 Nxd4 17. Rxd4 
B@e5 18. Rd3 a5 19. Be2 P@b4 20. O-O bxa3 21. N@f3 Bxc3 22. Rxc3 B@c5 
23. B@d4 Bxd4 24. Nxd4 B@c5 25. B@a4+ Bd7 26. Bxd7+ Qxd7 27. B@b5 P@c6 28. Rxc5 
dxc5 29. Nxc6 bxc6 30. Bxc6 Qxc6 31. B@b5 B@d7 32. Bxc6 Bxc6 33. Qxc5 R@d6 
34. Qxc6+ Rxc6 35. P@d7+ Kxd7 36. Rd1+ B@d6 37. N@c5+ Rxc5 38. B@a4+ P@c6 39. Bxc6+ 
Rxc6 40. P@e7 Kxe7 41. Q@b3 N@c5 42. P@f3 N@h3+ 43. gxh3 N@g3 44. Kg2 P@h4 
45. hxg3 B@f4 46. N@f5# 
{LINDEGREN forfeits on time} 1-0